 Dungeon Crawl Stone Soup version 0.14-a0-840-g06343e3 (webtiles) character file.

372 Ragg the Ruinous (level 5, 0/28 HPs)
             Began as a Deep Elf Conjurer on Nov 13, 2013.
             Succumbed to a scorpion's poison
             ... on Level 4 of the Dungeon.
             The game lasted 00:12:47 (2959 turns).

Ragg the Ruinous (Deep Elf Conjurer)                Turns: 2959, Time: 00:12:48

HP   0/28        AC  2     Str  5      XL: 5   Next: 27%
MP  13/13        EV 12     Int 21      God:
Gold 200         SH 10     Dex 15      Spells:  1 memorised,  6 levels left

Res.Fire  : . . .   See Invis. : .   e - +1 dagger
Res.Cold  : . . .   Warding    : .   a - +0 elf robe
Life Prot.: . . .   Conserve   : .   g - +0 buckler (curse)
Res.Poison: .       Res.Corr.  : .   (no helmet)
Res.Elec. : .       Clarity    : .   (no cloak)
Sust.Abil.: . .     Spirit.Shd : .   (no gloves)
Res.Mut.  : .       Stasis     : .   (no boots)
Res.Rott. : .       Flight     : .   (no amulet)
Saprovore : . . .                    (no ring)
                                     (no ring)

@: mildly poisoned, slightly resistant to hostile enchantments, fairly stealthy
A: no striking features
a: no special abilities


You were on level 4 of the Dungeon.
You were not hungry.

You visited 1 branch of the dungeon, and saw 4 of its levels.

You collected 200 gold pieces.

Inventory:

Hand weapons
 e - a +1,+1 dagger (weapon)
Armour
 a - a +0 elven robe (worn)
 g - a cursed +0 buckler (worn)
 p - a +0 leather armour
Magical devices
 m - a wand of cold (9)
Comestibles
 b - 4 bread rations
 f - a choko
 j - a pear
 o - an apple
 r - 4 rotting chunks of orc flesh
Scrolls
 s - a scroll of enchant weapon I
Potions
 k - a potion of curing {unknown}
 l - a potion of slowing {unknown}
 q - a potion of speed {unknown}
 u - a potion of degeneration {unknown}
Books
 c - a book of Conjurations

   Spells                             Type                      Level
   *Magic Dart                        Conjuration                  1
   Searing Ray                        Conjuration                  2
   Dazzling Spray                     Conjuration/Hexes            3
   Iskenderun's Mystic Blast          Conjuration                  4
   Iskenderun's Battlesphere          Conjuration/Charms           4
   Fulminant Prism                    Conjuration/Hexes            5
 n - a book of Maledictions

   Spells                             Type                      Level
   Corona                             Hexes                        1
   Sure Blade                         Hexes/Charms                 2
   Ensorcelled Hibernation            Hexes/Ice                    2
   Confuse                            Hexes                        3
   Enslavement                        Hexes                        4
   Invisibility                       Hexes                        6


   Skills:
 - Level 2.4 Dodging
 - Level 2.4 Stealth
 + Level 2.6 Shields
 - Level 1.5 Spellcasting
 + Level 6.1 Conjurations


You had 6 spell levels left.
You knew the following spells:

 Your Spells              Type           Power        Failure   Level  Hunger
a - Magic Dart            Conj           ####         1%          1    #......


Dungeon Overview and Level Annotations

Branches:
Dungeon (4/16)
 Temple: D:4-7

Altars:
the Shining One


Message History

You start resting.
* * * LOW HITPOINT WARNING * * *
You feel sick.
You start resting.
* * * LOW HITPOINT WARNING * * *
You feel sick.
You start resting.
* * * LOW HITPOINT WARNING * * *
You feel sick.
You feel a little better.
You start resting.
You feel a little less mighty now.
You start resting.
* * * LOW HITPOINT WARNING * * *
You feel sick.
You start resting.
* * * LOW HITPOINT WARNING * * *
You feel sick.
You start resting.
You die...

# #.#####
#####.######.)...#
)..<........####.#
#####.#####.# #.#
#####<# #.# #.#
......# #.# #.#
.###### #.# #.#
.## #.# #.#
..#########.# #@#
............#
#......#
..###########
######.# ..# ..#
..# ..# ..# ###


There were no monsters in sight!

Vanquished Creatures
  An orc priest (D:3)
  A scorpion (D:4)
  4 gnolls
  An adder (D:3)
  A giant mite (D:3)
  4 giant geckos (D:3)
  6 orcs
  3 giant cockroaches
  9 hobgoblins
  4 kobolds
  An ooze (D:2)
  A ball python (D:3)
  6 bats
  5 giant newts
  4 goblins
  2 jackals (D:2)
  10 rats
63 creatures vanquished.

Notes
Turn   | Place    | Note
--------------------------------------------------------------
     0 | D:1      | Ragg, the Deep Elf Conjurer, began the quest for the Orb.
     0 | D:1      | Reached XP level 1. HP: 10/10 MP: 4/4
     0 | D:1      | Noticed a troll skeleton
    10 | D:1      | Noticed a troll skeleton
    10 | D:1      | Noticed a minotaur skeleton
    14 | D:1      | Noticed a spriggan skeleton
    14 | D:1      | Noticed a spriggan skeleton
    16 | D:1      | Noticed a spriggan skeleton
    16 | D:1      | Noticed a troll skeleton
    18 | D:1      | Noticed a merfolk skeleton
    18 | D:1      | Noticed a centaur skeleton
    19 | D:1      | Noticed a spriggan skeleton
   325 | D:1      | Reached XP level 2. HP: 15/15 MP: 0/6
   688 | D:1      | Reached skill level 1 in Shields
   688 | D:1      | Reached skill level 5 in Conjurations
  1095 | D:2      | Reached XP level 3. HP: 19/19 MP: 7/9
  1449 | D:2      | Reached XP level 4. HP: 24/24 MP: 1/11
  2196 | D:3      | Found a glowing golden altar of the Shining One.
  2583 | D:3      | Reached XP level 5. HP: 25/28 MP: 4/13
  2708 | D:3      | Reached skill level 6 in Conjurations
  2935 | D:4      | HP: 1/28 [poisoned by a scorpion]
  2949 | D:4      | HP: 1/28 [poisoned by a scorpion]
  2957 | D:4      | HP: 1/28 [poisoned by a scorpion]
  2959 | D:4      | Succumbed to a scorpion's poison

Action                   |  1- 3 |  4- 6 || total
-------------------------+-------+-------++-------
Melee: Dagger            |    19 |       ||    19
 Cast: Magic Dart        |    62 |    70 ||   132
Evoke: Wand              |       |     1 ||     1
  Use: Scroll            |       |     8 ||     8
       Potion            |       |     3 ||     3
